 Dungeon Crawl Stone Soup version 0.23.2-1-ga50397a6bc (webtiles) character file.

Game seed: 2100802396795083804

99 Gargoyl the Skirmisher (level 4, 0/38 HPs)
             Began as a Centaur Abyssal Knight on May 4, 2019.
             Was a Believer of Lugonu.
             Succumbed to a water moccasin's poison
             ... on level 3 of the Dungeon.
             The game lasted 00:04:22 (2288 turns).

Gargoyl the Skirmisher (Centaur Abyssal Knight)     Turns: 2288, Time: 00:04:23

Health: 0/38       AC: 10    Str: 17    XL:     4   Next: 45%
Magic:  5/5        EV:  5    Int: 11    God:    Lugonu [**....]
Gold:   233        SH:  0    Dex: 10    Spells: 3/3 levels left

rFire    . . .     SeeInvis .   a - +3 hand axe
rCold    . . .     Gourm    .   (no shield)
rNeg     . . .     Faith    .   f - +0 chain mail
rPois    .         Spirit   .   (no helmet)
rElec    .         Reflect  .   e - +0 cloak
rCorr    .         Harm     .   k - +0 pair of gloves
MR       .....                  (no barding)
Stlth    ..........             (no amulet)
HPRegen  0.12/turn              l - +3 ring of strength
MPRegen  0.09/turn              (no ring)

@: lethally poisoned (0 -> -5), very quick
A: large, hooves 3, deformed body, speed 2, tough skin 3
a: Depart the Abyss, Bend Space, Renounce Religion


You were on level 3 of the Dungeon.
You worshipped Lugonu.
Lugonu was pleased with you.
You were hungry.

You visited 1 branch of the dungeon, and saw 3 of its levels.
You visited the Abyss 1 time.

You collected 233 gold pieces.

Inventory:

Hand Weapons
 a - a +3 hand axe (weapon)
Armour
 e - a +0 cloak (worn)
 f - a +0 chain mail (worn)
 k - a +0 pair of gloves (worn)
Jewellery
 j - a +4 ring of protection {unknown}
 l - a +3 ring of strength (left hand)
Scrolls
 b - a scroll of blinking
 d - 3 scrolls of identify
 i - a scroll of remove curse
 m - 2 scrolls of magic mapping {unknown}
Potions
 g - a potion of agility
 h - a potion of resistance
Comestibles
 c - 4 rations


   Skills:
 + Level 3.5 Fighting
 + Level 2.5 Axes
 * Level 2.2 Armour
 * Level 1.3 Dodging
 * Level 2.5 Invocations


You had 3 spell levels left.
You didn't know any spells.
Your spell library was empty.

Dungeon Overview and Level Annotations

Branches:
Dungeon (3/15)

Altars:
Ashenzari
Okawaru


Innate Abilities, Weirdness & Mutations

You have hooves in place of feet.
Armour fits poorly on your strangely shaped body.
You cover ground very quickly.
You have extremely tough skin. (AC +3)


Message History

The goblin hits you but does no damage.
You hit the goblin.
You kill the goblin!
Lugonu accepts your kill.
You hit the water moccasin.
* * * LOW HITPOINT WARNING * * *
You feel sick.
A goblin comes into view. It is wielding a -1 club.
The water moccasin barely misses you.
The goblin shouts!
You hear an angry hiss.
Found a stone staircase leading up.
Things that are here:
a +0 dagger; a goblin corpse Unknown command.
* * * LOW HITPOINT WARNING * * *
You feel sick.
A ball python comes into view.
The goblin hits you but does no damage.
Found a stone staircase leading down.
You die...

#. .....
##.###.>.. .
#........
..#<......#
..........#
#.......## ..#.
. #........###
#...#.#
S#....@.....#
.......
..........##...
...#.
.#......gS#####
....
###..###.)...#
###.. #.#
#####.######....
#. ##......g†...
# #.$.......)†.?
#..###.........
....# ########.#


You could see a water moccasin and a goblin.

Vanquished Creatures
  4 adders
  An ooze (D:1)
  A dart slug (D:1)
  3 leopard geckos
  3 giant cockroaches
  7 goblins
  11 hobgoblins
  3 ball pythons (D:2)
  6 bats
  4 frilled lizards
  7 kobolds
  3 rats (D:2)
53 creatures vanquished.

Vanquished Creatures (others)
  3 toadstools (D:2)
3 creatures vanquished.

Grand Total: 56 creatures vanquished

Notes
Turn   | Place    | Note
-------+----------+-------------------------------------------
     0 | Abyss:1  | Gargoyl the Centaur Abyssal Knight began the quest for the
                  | Orb.
     0 | Abyss:1  | Reached XP level 1. HP: 19/19 MP: 2/2
     6 | Abyss:1  | Found a corrupted altar of Lugonu.
    65 | Abyss:2  | Noticed a starcursed mass
    66 | D:1      | Escaped the Abyss
   383 | D:1      | Reached XP level 2. HP: 26/26 MP: 3/3
   391 | D:1      | Reached * piety under Lugonu
   455 | D:1      | Reached skill level 1 in Dodging
   747 | D:1      | Reached XP level 3. HP: 31/31 MP: 4/4
  1482 | D:2      | Reached ** piety under Lugonu
  1508 | D:2      | Found an iron altar of Okawaru.
  1566 | D:2      | Found a shattered altar of Ashenzari.
  1688 | D:2      | Reached XP level 4. HP: 38/38 MP: 5/5
  2249 | D:3      | Noticed a water moccasin
  2286 | D:3      | HP: 1/38 [poisoned by a water moccasin]
  2288 | D:3      | Succumbed to a water moccasin's poison

Skill      XL: |  1  2  3 |
---------------+----------+-----
Axes           | 2 |  2.5
Dodging        | 1 |  1.3
Armour         | 2 |  2.2
Fighting       | |  3.5
Invocations    | |  2.5

Action                   |  1- 3 |  4- 6 || total
-------------------------+-------+-------++-------
Melee: Hand axe          |   107 |    30 ||   137
       Kick              |    12 |     6 ||    18
Invok: Depart the Abyss  |     1 |       ||     1
  Use: Scroll            |     9 |       ||     9
  Eat: Chunk             |     1 |     1 ||     2
Armor: Scale mail        |    74 |       ||    74
       Chain mail        |    24 |    24 ||    48
Dodge: Dodged            |    45 |    12 ||    57
